SAAA
SCRANTON SUPERNOVAS @ FLORIDA MEN
07/19/2041
 
TOP OF THE 1ST
Scranton Supernovas batting - Pitching for Florida Men : RHP Pancho Covarrubias
Pitching: RHP Pancho Covarrubias
Batting: LHB Guan-pei Bei 0-0: Ball
1-0: Called Strike
1-1: Fly out, F5 (Popup, 5SF, EV 83.8 MPH)
Batting: RHB Román Ramírez 0-0: Ball
1-0: Ball
2-0: Fly out, F8 (Line Drive, 8RM, EV 95.6 MPH)
Batting: LHB Robby Sinor 0-0: Ball
1-0: Foul Ball, location: 2F
1-1: Ball
2-1: SINGLE (Groundball, 4MD, EV 105.6 MPH)
Batting: LHB Mario Ramos 0-0: Ball
1-0: Called Strike
1-1: Called Strike
Robby Sinor steals 2nd base
1-2: Strikes out looking
Top of the 1st over - 0 runs, 1 hit, 0 errors, 1 left on base; Scranton 0 - Florida 0
BOTTOM OF THE 1ST
Florida Men batting - Pitching for Scranton Supernovas : RHP Liam Thomson
Pitching: RHP Liam Thomson
Batting: RHB Matsudaira Sugahara 0-0: Ball
1-0: SINGLE (Line Drive, 9S, EV 106.2 MPH)
Batting: LHB Ed Holte 0-0: Fly out, F4 (Line Drive, 4, EV 68.1 MPH)
Batting: RHB Juan Barrón 0-0: Called Strike
0-1: Ball
1-1: Ball
2-1: Swinging Strike
2-2: Ball
3-2: Foul Ball, location: 2F
3-2: Fly out, F9 (Flyball, 9LMF, EV 88.8 MPH)
Batting: RHB Tristan Eikelenboom 0-0: Ball
1-0: Called Strike
1-1: Ground out U3 (Groundball, 3, EV 88.1 MPH)
Bottom of the 1st over - 0 runs, 1 hit, 0 errors, 1 left on base; Scranton 0 - Florida 0
TOP OF THE 2ND
Scranton Supernovas batting - Pitching for Florida Men : RHP Pancho Covarrubias
Batting: LHB Bill Stanton 0-0: Called Strike
0-1: Fly out, F8 (Flyball, 8RS, EV 90.6 MPH)
Batting: RHB John Willoughby 0-0: Fly out, F8 (Line Drive, 8LD, EV 90.6 MPH)
Batting: LHB Samual Johnson 0-0: Ball
1-0: Ground out 4-3 (Groundball, 4, EV 81.9 MPH)
Top of the 2nd over - 0 runs, 0 hits, 0 errors, 0 left on base; Scranton 0 - Florida 0
BOTTOM OF THE 2ND
Florida Men batting - Pitching for Scranton Supernovas : RHP Liam Thomson
Batting: LHB Jim Halpert 0-0: Ball
1-0: Fly out, F8 (Flyball, 8RM, EV 86.2 MPH)
Batting: RHB Pellervo Rintanen 0-0: Ball
1-0: Fly out, F9 (Flyball, 9LM, EV 91.9 MPH)
Batting: LHB Badry Maksimenov 0-0: Foul Ball, location: 2F
0-1: Foul Ball, location: 2F
0-2: Fly out, F7 (Line Drive, 7, EV 93.1 MPH)
Bottom of the 2nd over - 0 runs, 0 hits, 0 errors, 0 left on base; Scranton 0 - Florida 0
TOP OF THE 3RD
Scranton Supernovas batting - Pitching for Florida Men : RHP Pancho Covarrubias
Batting: RHB Raffaello Dichio 0-0: Called Strike
0-1: Ball
1-1: Called Strike
1-2: Ball
2-2: DOUBLE (Line Drive, 7LM, EV 108.8 MPH)
Batting: LHB Yi-da Yee 0-0: Foul Ball, location: 2F
0-1: Foul Ball, location: 2F
0-2: Ball
1-2: Ball
2-2: SINGLE (Groundball, 4MD, EV 98.8 MPH)
Raffaello Dichio to third
Batting: LHB Guan-pei Bei 0-0: Ball
1-0: Ball
2-0: Fly out, F7 (Flyball, 78D, EV 100.0 MPH)
Runner from 3rd tags up, SCORES, throw by LF
Batting: RHB Román Ramírez 0-0: 2-RUN HOME RUN (Flyball, 7LD, EV 99.4 MPH), Distance : 355 ft
Batting: LHB Robby Sinor 0-0: Called Strike
0-1: Ball
1-1: Ball
2-1: Ball
3-1: Base on Balls
Batting: LHB Mario Ramos 0-0: Called Strike
Robby Sinor steals 2nd base
0-1: Ball
1-1: Called Strike
1-2: Ball
2-2: Foul Ball, location: 2F
2-2: Ball
3-2: Foul Ball, location: 2F
3-2: Base on Balls
Batting: LHB Bill Stanton 0-0: Ball
1-0: Foul Ball, location: 2F
1-1: Ball
Robby Sinor steals 3rd base
2-1: Foul Ball, location: 2F
2-2: SINGLE (Line Drive, 4D, EV 105.0 MPH)
Robby Sinor scores
Mario Ramos to second
Batting: RHB John Willoughby 0-0: Ball
1-0: Ball
2-0: Swinging Strike
2-1: Ball
3-1: Swinging Strike
3-2: Base on Balls
Mario Ramos to third
Bill Stanton to second
Batting: LHB Samual Johnson 0-0: Ball
1-0: Foul Ball, location: 2F
1-1: Foul Ball, location: 2F
1-2: Ball
2-2: Foul Ball, location: 2F
2-2: Ball
3-2: DOUBLE (Line Drive, 8LXD, EV 110.6 MPH)
Mario Ramos scores
Bill Stanton scores
John Willoughby to third
Pitching: RHP Roy Bell
Batting: RHB Raffaello Dichio 0-0: Foul Ball, location: 2F
0-1: Ground out 6-3 (Groundball, 6, EV 110.0 MPH)
John Willoughby scores
Batting: LHB Yi-da Yee 0-0: Ball
1-0: SINGLE (Groundball, 56D, EV 95.6 MPH)
Samual Johnson to third
Runner from 3rd tries for Home, SAFE, no throw by LF
Batting: LHB Guan-pei Bei 0-0: SINGLE (Groundball, 3D, EV 103.1 MPH)
Yi-da Yee to second
Batting: RHB Román Ramírez 0-0: Fly out, F8 (Flyball, 89S, EV 90.0 MPH)
Top of the 3rd over - 8 runs, 7 hits, 0 errors, 2 left on base; Scranton 8 - Florida 0
BOTTOM OF THE 3RD
Florida Men batting - Pitching for Scranton Supernovas : RHP Liam Thomson
Batting: LHB Basava Puri 0-0: Foul Ball, location: 2F
0-1: Swinging Strike
0-2: Fly out, F7 (Flyball, 7LSF, EV 90.0 MPH)
Batting: SHB Henrique de Senna Fernandes 0-0: Fly out, F7 (Flyball, 7S, EV 94.4 MPH)
Batting: RHB Matsudaira Sugahara 0-0: Fly out, F8 (Line Drive, 8RD, EV 103.8 MPH)
Bottom of the 3rd over - 0 runs, 0 hits, 0 errors, 0 left on base; Scranton 8 - Florida 0
TOP OF THE 4TH
Scranton Supernovas batting - Pitching for Florida Men : RHP Roy Bell
Batting: LHB Robby Sinor 0-0: Ball
1-0: Foul Ball, location: 2F
1-1: DOUBLE (Line Drive, 7LM, EV 100.6 MPH)
Batting: LHB Mario Ramos 0-0: Called Strike
0-1: Ball
Passed Ball!
Robby Sinor to third
1-1: Ball
2-1: Foul Ball, location: 2F
2-2: Foul Ball, location: 2F
2-2: Ground out 5-3 (Groundball, 56, EV 104.4 MPH)
Robby Sinor scores
Batting: LHB Bill Stanton 0-0: Ground out U3 (Groundball, 34, EV 101.2 MPH)
Batting: RHB John Willoughby 0-0: Ball
1-0: Fly out, F8 (Line Drive, 8LM, EV 97.5 MPH)
Top of the 4th over - 1 run, 1 hit, 0 errors, 0 left on base; Scranton 9 - Florida 0
BOTTOM OF THE 4TH
Florida Men batting - Pitching for Scranton Supernovas : RHP Liam Thomson
Batting: LHB Ed Holte 0-0: Foul Ball, location: 2F
0-1: Ball
1-1: Ground out 6-3 (Groundball, 6M, EV 85.6 MPH)
Batting: RHB Juan Barrón 0-0: Ball
1-0: DOUBLE (Line Drive, 89D, EV 104.4 MPH)
Batting: RHB Tristan Eikelenboom 0-0: Called Strike
0-1: Fly out, F8 (Flyball, 8LS, EV 86.2 MPH)
Batting: LHB Jim Halpert 0-0: Ball
1-0: Called Strike
1-1: Foul Ball, location: 2F
1-2: Ball
2-2: DOUBLE (Flyball, 78XD, EV 101.2 MPH)
Juan Barrón scores
Batting: RHB Pellervo Rintanen 0-0: Ball
1-0: Foul Ball, location: 2F
1-1: Ball
2-1: Ball
3-1: 2-RUN HOME RUN (Flyball, 78XD, EV 98.1 MPH), Distance : 423 ft
Batting: LHB Badry Maksimenov 0-0: Ball
1-0: Called Strike
1-1: Ball
2-1: Ball
3-1: Foul Ball, location: 2F
3-2: SINGLE (Groundball, 4D, EV 103.1 MPH)
Batting: LHB Basava Puri 0-0: Ball
1-0: Ball
2-0: Ball
3-0: Base on Balls
Badry Maksimenov to second
Batting: SHB Henrique de Senna Fernandes 0-0: Ball
1-0: SINGLE (Groundball, 6MD, EV 93.8 MPH)
Badry Maksimenov to third
Basava Puri to second
Runner from 3rd tries for Home, SAFE, throw by CF to home
Batting: RHB Matsudaira Sugahara 0-0: Fielders Choice at 2nd, 5-4 (Groundball, 56, EV 100.0 MPH)
Bottom of the 4th over - 4 runs, 5 hits, 0 errors, 2 left on base; Scranton 9 - Florida 4
TOP OF THE 5TH
Scranton Supernovas batting - Pitching for Florida Men : RHP Roy Bell
Batting: LHB Samual Johnson 0-0: Called Strike
0-1: Ball
1-1: Swinging Strike
1-2: Foul Ball, location: 2F
1-2: Ball
2-2: Fly out, F8 (Flyball, 8RS, EV 85.0 MPH)
Batting: RHB Raffaello Dichio 0-0: Swinging Strike
0-1: Ball
1-1: Ball
2-1: Ball
3-1: Base on Balls
Batting: LHB Yi-da Yee 0-0: Ball
1-0: Ground out U3 (Groundball, 34, EV 83.1 MPH)
Raffaello Dichio to second
Batting: LHB Guan-pei Bei 0-0: Called Strike
0-1: Ball
1-1: 2-RUN HOME RUN (Flyball, 9LD, EV 102.5 MPH), Distance : 347 ft
Batting: RHB Román Ramírez 0-0: Ball
1-0: Ball
2-0: Fly out, F3 (Popup, 23F, EV 86.2 MPH)
Top of the 5th over - 2 runs, 1 hit, 0 errors, 0 left on base; Scranton 11 - Florida 4
BOTTOM OF THE 5TH
Florida Men batting - Pitching for Scranton Supernovas : RHP Liam Thomson
Batting: LHB Ed Holte 0-0: Ball
1-0: Ball
2-0: Foul Ball, location: 2F
2-1: Ball
3-1: Ground out 4-3 (Groundball, 4, EV 78.8 MPH)
Batting: RHB Juan Barrón 0-0: Ground out 1-3 (Groundball, 13, EV 83.1 MPH)
Batting: RHB Tristan Eikelenboom 0-0: Fly out, F8 (Line Drive, 8RM, EV 98.8 MPH)
Bottom of the 5th over - 0 runs, 0 hits, 0 errors, 0 left on base; Scranton 11 - Florida 4
TOP OF THE 6TH
Scranton Supernovas batting - Pitching for Florida Men : RHP Roy Bell
Batting: LHB Robby Sinor 0-0: Called Strike
0-1: SINGLE (Flyball, 78S, EV 98.1 MPH)
Batting: LHB Mario Ramos 0-0: Ball
Robby Sinor steals 2nd, throwing error, E2
Robby Sinor to third
1-0: Foul Ball, location: 2F
1-1: SINGLE (Groundball, 34D, EV 99.4 MPH)
Robby Sinor scores
Batting: LHB Bill Stanton 0-0: Ball
1-0: Ball
2-0: Foul Ball, location: 2F
2-1: Foul Ball, location: 2F
2-2: SINGLE (Line Drive, 34D, EV 95.0 MPH)
Mario Ramos to second
Batting: RHB John Willoughby 0-0: Fly out, F7 (Flyball, 7LDF, EV 105.6 MPH)
Runner from 2nd tags up, SAFE at 3rd, no throw by LF
Batting: LHB Samual Johnson 0-0: Ball
1-0: Called Strike
1-1: Swinging Strike
1-2: DOUBLE (Line Drive, 7LD, EV 100.0 MPH)
Mario Ramos scores
Bill Stanton to third
Batting: RHB Raffaello Dichio 0-0: Ball
1-0: Called Strike
1-1: Ball
2-1: Ball
3-1: SINGLE (Flyball, 34D, EV 90.6 MPH)
Bill Stanton scores
Samual Johnson to third
Runner from 3rd tries for Home, throw by RF and OUT! 9-2
Raffaello Dichio to second
Batting: LHB Yi-da Yee 0-0: Ball
1-0: Foul Ball, location: 2F
1-1: Ground out 1-3 (Groundball, 34S, EV 85.6 MPH)
Top of the 6th over - 3 runs, 5 hits, 1 error, 1 left on base; Scranton 14 - Florida 4
BOTTOM OF THE 6TH
Florida Men batting - Pitching for Scranton Supernovas : RHP Liam Thomson
Batting: LHB Jim Halpert 0-0: Foul Ball, location: 2F
0-1: Ball
1-1: Called Strike
1-2: Ball
2-2: Ball
3-2: Ground out 1-3 (Groundball, 13, EV 93.1 MPH)
Batting: RHB Pellervo Rintanen 0-0: Ball
1-0: Ball
2-0: Foul Ball, location: 2F
2-1: Ball
3-1: Called Strike
3-2: Strikes out looking
Batting: LHB Badry Maksimenov 0-0: Swinging Strike
0-1: Called Strike
0-2: Foul Ball, location: 2F
0-2: SINGLE (Groundball, 3D, EV 101.2 MPH)
Batting: LHB Basava Puri 0-0: Ball
1-0: Called Strike
1-1: SINGLE (Line Drive, 56D, EV 97.5 MPH)
Badry Maksimenov to second
Batting: SHB Henrique de Senna Fernandes 0-0: Ball
1-0: SINGLE (Groundball, 4MD, EV 108.8 MPH)
Badry Maksimenov to third
Basava Puri to second
Runner from 3rd tries for Home, SAFE, throw by CF to home
Batting: RHB Matsudaira Sugahara 0-0: Called Strike
0-1: Ball
1-1: Called Strike
1-2: Ball
2-2: Ball
3-2: Foul Ball, location: 2F
3-2: Fly out, F4 (Popup, 4, EV 62.5 MPH)
Bottom of the 6th over - 1 run, 3 hits, 0 errors, 2 left on base; Scranton 14 - Florida 5
TOP OF THE 7TH
Scranton Supernovas batting - Pitching for Florida Men : RHP Roy Bell
Batting: LHB Guan-pei Bei 0-0: Fly out, F6 (Popup, 6, EV 76.2 MPH)
Batting: RHB Román Ramírez 0-0: Fly out, F3 (Line Drive, 3, EV 67.5 MPH)
Pinch Hitting: LHB Manuel Gonzáles 0-0: SINGLE (Groundball, 34D, EV 105.0 MPH)
Batting: LHB Mario Ramos 0-0: Ball
Passed Ball!
Manuel Gonzáles to second
1-0: Ball
2-0: 2-RUN HOME RUN (Flyball, 7LD, EV 103.1 MPH), Distance : 357 ft
Pitching: RHP Gary Johnson
Pinch Hitting: LHB Todd Bonzalez 0-0: Swinging Strike
0-1: Called Strike
0-2: Ball
1-2: Ball
2-2: Ground out U3 (Groundball, 3L, EV 86.9 MPH)
Top of the 7th over - 2 runs, 2 hits, 0 errors, 0 left on base; Scranton 16 - Florida 5
BOTTOM OF THE 7TH
Florida Men batting - Pitching for Scranton Supernovas : RHP Liam Thomson
Now at 1B: Manuel Gonzáles
Now in LF: José Ortega
Pinch Hitting: RHB Luigino Colombo 0-0: Ground out 4-3 (Groundball, 4, EV 103.8 MPH)
Pinch Hitting: LHB Carlos Campos 0-0: Foul Ball, location: 2F
0-1: Ball
1-1: Ball
2-1: SINGLE (Line Drive, 4MD, EV 108.1 MPH)
Batting: RHB Tristan Eikelenboom 0-0: Ball
1-0: Fly out, F7 (Line Drive, 7D, EV 98.8 MPH)
Batting: LHB Jim Halpert 0-0: Called Strike
0-1: Called Strike
0-2: Foul Ball, location: 2F
0-2: SINGLE (Groundball, 6D, EV 106.9 MPH)
Carlos Campos to second
Batting: RHB Pellervo Rintanen 0-0: Swinging Strike
0-1: Swinging Strike
0-2: Ball
1-2: SINGLE (Flyball, 7LM, EV 91.9 MPH)
Carlos Campos to third
Jim Halpert to second
Runner from 3rd tries for Home, SAFE, no throw by LF
Pitching: LHP Joaquín Pérez
Batting: LHB Badry Maksimenov 0-0: Called Strike
0-1: Swinging Strike
0-2: Ball
1-2: Ball
2-2: Strikes out looking
Bottom of the 7th over - 1 run, 3 hits, 0 errors, 2 left on base; Scranton 16 - Florida 6
TOP OF THE 8TH
Scranton Supernovas batting - Pitching for Florida Men : RHP Gary Johnson
Now at SS: Carlos Campos
Now in CF: Luigino Colombo
Batting: RHB John Willoughby 0-0: Ball
1-0: Called Strike
1-1: SINGLE (Line Drive, 9S, EV 89.4 MPH)
Batting: LHB Samual Johnson 0-0: Ball
1-0: Called Strike
1-1: Swinging Strike
1-2: Strikes out looking
Batting: RHB Raffaello Dichio 0-0: Called Strike
0-1: Foul Ball, location: 2F
0-2: DOUBLE (Flyball, 78D, EV 101.9 MPH)
John Willoughby to third
Batting: LHB Yi-da Yee 0-0: Ball
1-0: Foul Ball, location: 2F
1-1: Ball
2-1: Called Strike
2-2: Fly out, F8 (Flyball, 78M, EV 91.9 MPH)
Runner from 3rd tags up, OUT at HOME! 8-2
Top of the 8th over - 0 runs, 2 hits, 0 errors, 1 left on base; Scranton 16 - Florida 6
BOTTOM OF THE 8TH
Florida Men batting - Pitching for Scranton Supernovas : LHP Joaquín Pérez
Batting: LHB Basava Puri 0-0: Ball
1-0: Called Strike
1-1: Foul Ball, location: 2F
1-2: Foul Ball, location: 2F
1-2: Ball
2-2: Ball
3-2: Ground out 4-3 (Groundball, 4, EV 93.8 MPH)
Batting: SHB Henrique de Senna Fernandes 0-0: Ball
1-0: Ball
2-0: SINGLE (Groundball, 56D, EV 97.5 MPH)
Batting: RHB Matsudaira Sugahara 0-0: Foul Ball, location: 2F
0-1: Ball
1-1: Foul Ball, location: 2F
1-2: Foul Ball, location: 2F
1-2: Strikes out swinging
Batting: RHB Luigino Colombo 0-0: Called Strike
0-1: Ball
1-1: Fielders Choice at 2nd, 6-4 (Groundball, 6, EV 85.6 MPH)
Bottom of the 8th over - 0 runs, 1 hit, 0 errors, 1 left on base; Scranton 16 - Florida 6
TOP OF THE 9TH
Scranton Supernovas batting - Pitching for Florida Men : RHP Gary Johnson
Batting: LHB Guan-pei Bei 0-0: Called Strike
0-1: Foul Ball, location: 2F
0-2: Ball
1-2: Foul Ball, location: 2F
1-2: Fly out, F8 (Line Drive, 8RM, EV 108.8 MPH)
Batting: RHB Román Ramírez 0-0: Ball
1-0: Ball
2-0: Called Strike
2-1: Ball
3-1: Called Strike
3-2: Ground out 5-3 (Groundball, 56S, EV 66.9 MPH)
Batting: LHB Manuel Gonzáles 0-0: Called Strike
0-1: Ball
1-1: Ball
2-1: Called Strike
2-2: Foul Ball, location: 2F
2-2: SOLO HOME RUN (Flyball, 9D, EV 103.8 MPH), Distance : 368 ft
Batting: LHB Mario Ramos 0-0: Foul Ball, location: 2F
0-1: Ball
1-1: Foul Ball, location: 2F
1-2: Ball
2-2: Ball
3-2: Fly out, F3 (Line Drive, 3, EV 73.8 MPH)
Top of the 9th over - 1 run, 1 hit, 0 errors, 0 left on base; Scranton 17 - Florida 6
BOTTOM OF THE 9TH
Florida Men batting - Pitching for Scranton Supernovas : LHP Joaquín Pérez
Batting: LHB Carlos Campos 0-0: Ball
1-0: Foul Ball, location: 2F
1-1: Foul Ball, location: 2F
1-2: Ball
2-2: Ball
3-2: Foul Ball, location: 2F
3-2: Base on Balls
Batting: RHB Tristan Eikelenboom 0-0: Ball
1-0: DOUBLE (Flyball, 8LXD, EV 112.5 MPH)
Carlos Campos to third
Batting: LHB Jim Halpert 0-0: Called Strike
0-1: Ball
1-1: Swinging Strike
1-2: Strikes out swinging
Batting: RHB Pellervo Rintanen 0-0: Foul Ball, location: 2F
0-1: Foul Ball, location: 2F
0-2: Ball
1-2: SINGLE (Groundball, 6MD, EV 107.5 MPH)
Carlos Campos scores
Tristan Eikelenboom to third
Batting: LHB Badry Maksimenov 0-0: Called Strike
0-1: Foul Ball, location: 2F
0-2: Ball
1-2: Strikes out swinging
Batting: LHB Basava Puri 0-0: Called Strike
0-1: Foul Ball, location: 2F
0-2: Foul Ball, location: 2F
0-2: Foul Ball, location: 2F
0-2: Ball
1-2: Foul Ball, location: 2F
1-2: Foul Ball, location: 2F
1-2: Ball
2-2: SINGLE (Groundball, 3D, EV 95.0 MPH)
Tristan Eikelenboom scores
Pellervo Rintanen to second
Batting: SHB Henrique de Senna Fernandes 0-0: Ball
1-0: SINGLE (Line Drive, 78M, EV 105.6 MPH)
Pellervo Rintanen to third
Basava Puri to second
Batting: RHB Matsudaira Sugahara 0-0: Swinging Strike
0-1: Fly out, F9 (Flyball, 9S, EV 77.5 MPH)
Bottom of the 9th over - 2 runs, 4 hits, 0 errors, 3 left on base; Scranton 17 - Florida 8
Tuesday, January 5th, 2021 - OOTP Baseball 20.8 Build 74